Map: Oxide LE

Players

MaxPax - Winner!

  • Race: Protoss Protoss
  • League: Grandmaster

PtitDrogo

  • Race: Protoss Protoss
  • League: Grandmaster

Event: DreamHack SC2 Masters 2021 Summer

VOD

Have the link to the VOD?

Description

Time

  • Played on: June 3, 2021, 12:34 p.m.
  • Length: 5:51

All games in this series

Show
View Real Time Build Order
Export as new Build Order

MaxPax Protoss - Winner!

Build Orders: Phoenix Opening 

Get SALT Encoding   

  12  0:00  Probe  
  13  0:12  Probe  
  14  0:19  Pylon  
  14  0:24  Probe  
  15  0:37  Probe (Chrono Boost)  
  15  0:38  Gateway  
  16  0:46  Probe (Chrono Boost), Assimilator  
  17  0:51  Probe (Chrono Boost)  
  17  0:55  Assimilator  
  18  1:03  Probe (Chrono Boost)  
  19  1:05  Pylon  
  19  1:16  Probe (Chrono Boost)  
  20  1:21  Probe (Chrono Boost)  
  20  1:25  Cybernetics Core  
  21  1:30  Zealot  
  23  1:35  Probe  
  24  1:48  Probe  
  25  2:00  Probe  
  26  2:06  Adept (Chrono Boost)  
  26  2:13  Probe  
  26  2:15  Pylon, Stargate  
  29  2:32  Warp Gate  
  29  2:38  Nexus  
  29  3:00  Probe  
  29  3:01  Phoenix  
  32  3:07  Stalker (Chrono Boost)  
  32  3:12  Probe  
  35  3:18  Shield Battery  
  35  3:24  Probe  
  35  3:29  Phoenix (Chrono Boost)  
  37  3:36  Probe  
  37  3:37  Shield Battery  
  38  3:48  Probe  
  38  3:50  Probe  
  38  3:53  Phoenix (Chrono Boost)  
  42  4:08  Probe  
  43  4:11  Phoenix (Chrono Boost)  
  43  4:13  Probe  
  46  4:20  Probe, Twilight Council  
  46  4:21  Gateway  
  47  4:25  Probe  
  46  4:33  Probe  
  46  4:37  Probe  
  48  4:40  Pylon  
  48  4:41  Assimilator  
  48  4:43  Gateway  
  48  4:45  Phoenix  
  50  4:54  Probe  
  50  4:56  Probe  
  52  5:06  Probe  
  53  5:08  Probe  
  53  5:10  Phoenix  
  53  5:14  Stalker  
  58  5:18  Probe  
  58  5:20  Probe  
  60  5:24  Gateway  
  60  5:25  Gateway  
  60  5:26  Robotics Facility  
  60  5:37  Probe x2  
  60  5:42  Pylon  
Show
View Real Time Build Order
Export as new Build Order

PtitDrogo Protoss 

Build Orders: Oracle Opening, Phoenix Opening 

Get SALT Encoding   

  12  0:00  Probe  
  13  0:12  Probe  
  14  0:19  Pylon  
  14  0:24  Probe  
  15  0:37  Probe (Chrono Boost)  
  15  0:38  Gateway  
  16  0:46  Probe (Chrono Boost), Assimilator  
  17  0:52  Probe (Chrono Boost)  
  18  1:00  Assimilator  
  19  1:04  Probe (Chrono Boost)  
  19  1:07  Pylon  
  19  1:13  Probe (Chrono Boost)  
  20  1:18  Probe  
  20  1:25  Cybernetics Core  
  21  1:30  Probe  
  21  1:32  Zealot  
  24  1:43  Probe  
  25  1:55  Probe  
  26  2:10  Nexus  
  26  2:16  Stargate  
  26  2:20  Probe  
  27  2:28  Shield Battery  
  27  2:34  Probe  
  27  2:35  Stalker (Chrono Boost)  
  30  2:44  Pylon  
  30  2:50  Warp Gate  
  30  2:52  Probe  
  31  3:04  Probe  
  32  3:07  Oracle (Chrono Boost)  
  35  3:16  Probe  
  36  3:22  Probe  
  36  3:24  Shield Battery  
  37  3:28  Probe  
  37  3:34  Probe  
  37  3:40  Probe  
  39  3:45  Phoenix (Chrono Boost)  
  39  3:46  Probe  
  42  3:52  Probe  
  42  3:54  Gateway  
  43  3:58  Probe  
  44  4:04  Probe  
  45  4:10  Probe  
  45  4:16  Probe  
  47  4:17  Phoenix (Chrono Boost)  
  47  4:22  Probe  
  46  4:29  Probe  
  46  4:30  Twilight Council  
  46  4:31  Forge  
  47  4:34  Probe  
  50  4:39  Stalker  
  50  4:41  Probe  
  50  4:45  Shield Battery  
  53  4:48  Phoenix  
  53  4:51  Pylon  
  52  4:55  Stalker  
  52  4:57  Assimilator  
  48  5:00  Pylon  
  48  5:09  Probe x2  
  48  5:13  Assimilator  
  49  5:18  Stalker  
  53  5:21  Probe (Chrono Boost)  
  53  5:23  Probe (Chrono Boost), Pylon  
  51  5:33  Probe (Chrono Boost)  
  51  5:38  Probe (Chrono Boost), Nexus  
  51  5:39  Probe (Chrono Boost)  
  51  5:41  Stalker  
Tags
 
Add a new tag
Caveats
  • Supply blocks, unpowered buildings, or Contaminate may cause inaccurate times.
  • Supply counts are checked every 10 seconds.